Map: Ascension to Aiur LE

Players

PandaBearMe - Winner!

  • Race: Zerg Zerg
  • Spawn Location: 5:00

Hymy

  • Race: Protoss Protoss
  • Spawn Location: 11:00

Event: WCS Montreal 2017

VOD

Have the link to the VOD?

Description

Time

  • Played on: Sept. 8, 2017, 1:22 p.m.
  • Length: 16:02

All games in this series

Show
View Real Time Build Order
Export as new Build Order

PandaBearMe Zerg - Winner!

Build Orders: Hatch First, Zergling Baneling 

Get SALT Encoding   

  12  0:01  Drone  
  13  0:12  Overlord  
  13  0:18  Drone  
  14  0:31  Drone  
  14  0:32  Drone  
  16  0:48  Hatchery  
  15  0:51  Drone  
  15  0:56  Drone  
  17  0:58  Drone  
  17  1:02  Extractor  
  17  1:14  Spawning Pool  
  17  1:18  Drone  
  17  1:20  Drone  
  18  1:28  Drone  
  19  1:39  Drone  
  20  1:49  Overlord  
  20  2:01  Queen x2  
  20  2:03  Metabolic Boost  
  20  2:06  Zergling x2  
  25  2:10  Drone  
  25  2:12  Drone  
  27  2:16  Drone  
  27  2:22  Drone x2  
  30  2:41  Zergling x2  
  31  2:45  Hatchery  
  31  2:51  Overlord  
  30  2:56  Drone  
  30  2:57  Drone  
  32  3:05  Drone x3  
  35  3:18  Zergling x2  
  35  3:22  Evolution Chamber  
  35  3:23  Zergling x8  
  35  3:24  Baneling Nest, Zergling x4  
  39  3:32  Overlord  
  39  3:35  Zergling x2  
  40  3:42  Zergling x2  
  40  3:48  Zergling x2  
  42  3:51  Zergling x2  
  42  3:52  Zergling x4  
  42  3:53  Zergling x2  
  46  3:59  Zergling x2  
  46  4:01  Zergling x2  
  48  4:06  Zergling x2  
  47  4:12  Zergling x4  
  47  4:16  Zergling x2  
  49  4:18  Zergling x2, Baneling x6  
  49  4:23  Zergling x14  
  55  4:24  Baneling x2  
  53  4:38  Zergling x2  
  53  4:39  Zergling x4  
  53  4:44  Zergling x2  
  54  4:52  Zergling x6  
  53  4:57  Zergling x8  
  53  4:58  Zergling x6  
  53  4:59  Zergling x2  
  57  5:04  Zergling x2  
  54  5:08  Zergling x2  
  54  5:10  Zergling x2  
  52  5:14  Zergling x2  
  52  5:18  Zergling x2  
  52  5:20  Zergling x2  
  54  5:24  Zergling x2  
  54  5:25  Zerg Melee Weapons Level 1, Lair  
  54  5:31  Zergling x4  
  54  5:37  Zergling x6  
  54  5:41  Zergling x4  
  57  5:47  Baneling x2  
  57  5:48  Baneling x2  
  54  5:51  Drone  
  51  6:11  Drone  
  51  6:15  Drone x8  
  51  6:16  Overlord  
  56  6:21  Spore Crawler  
  56  6:22  Spore Crawler  
  56  6:24  Drone x2  
  56  6:25  Drone x2  
  56  6:29  Drone x2  
  55  6:35  Overlord  
  48  6:43  Zergling x12  
  53  6:52  Zergling x2  
  54  6:55  Zergling x2  
  54  6:59  Zergling x4  
  57  7:08  Queen x2  
  54  7:11  Baneling  
  54  7:13  Queen  
  60  7:18  Roach Warren  
  60  7:22  Zerg Missile Weapons Level 1  
  59  7:32  Zergling x16  
  67  7:44  Queen  
  69  7:52  Spore Crawler  
  68  7:59  Roach x3  
  68  8:00  Overlord, Glial Reconstitution  
  68  8:02  Extractor, Overlord  
  68  8:04  Extractor  
  72  8:07  Overlord  
  72  8:08  Roach  
  72  8:11  Overlord  
  72  8:16  Roach  
  73  8:20  Overlord  
  73  8:28  Overlord  
  73  8:29  Drone  
  73  8:33  Drone  
  75  8:35  Drone  
  75  8:37  Overlord  
  75  8:38  Drone x8  
  84  8:42  Overseer  
  84  8:46  Drone x2  
  84  8:47  Drone  
  87  8:51  Drone x2  
  87  8:53  Extractor  
  87  8:54  Extractor  
  87  8:55  Hydralisk Den  
  85  8:57  Drone  
  85  9:08  Overlord, Drone  
  85  9:09  Drone x6  
  85  9:19  Zerg Melee Weapons Level 2, Centrifical Hooks  
  84  9:32  Overlord  
  84  9:34  Overlord  
  84  9:37  Hydralisk x5  
  90  9:44  Roach  
  88  9:46  Roach  
  88  9:50  Roach x3  
  88  9:51  Roach x2  
  88  9:52  Roach x2  
  97  9:59  Roach x2  
  95  10:00  Roach  
  86  10:27  Hatchery  
  84  10:31  Extractor  
  83  10:35  Muscular Augments  
  83  10:39  Roach x3  
  87  10:49  Zergling x6  
  90  10:56  Zergling x2  
  91  10:58  Hydralisk  
  91  10:59  Hydralisk  
  91  11:00  Hydralisk  
  97  11:15  Hatchery  
  96  11:28  Overlord, Hydralisk x2  
  96  11:31  Hydralisk x3  
  106  11:38  Overlord  
  106  11:39  Overlord  
  107  11:47  Drone x5  
  108  11:55  Overseer  
  85  12:03  Hydralisk  
  77  12:10  Drone x4  
  79  12:15  Hydralisk  
  79  12:16  Hydralisk  
  79  12:20  Zergling x2  
  84  12:35  Drone x10  
  94  12:42  Drone x5  
  99  12:51  Ravager x4  
  103  12:54  Hydralisk  
  103  12:55  Hydralisk  
  107  12:59  Baneling x2  
  107  13:00  Hydralisk  
  109  13:07  Hydralisk  
  109  13:11  Hydralisk  
  109  13:12  Hydralisk  
  115  13:13  Overlord  
  115  13:15  Zerg Missile Weapons Level 2  
  115  13:23  Hydralisk x2  
  115  13:24  Hydralisk  
  120  13:27  Zergling x2  
  120  13:28  Zergling x8  
  120  13:29  Zergling x2  
  120  13:30  Zergling x2  
  120  13:31  Zergling x2  
  120  13:32  Zergling x2  
  120  13:33  Zergling x2  
  130  13:35  Zergling x4  
  130  13:38  Zergling x2  
  130  13:39  Hydralisk  
  135  13:41  Hydralisk  
  135  13:42  Zergling x2  
  135  13:48  Zergling x10  
  139  13:49  Zergling x2  
  139  13:50  Zergling x2  
  139  13:52  Zergling x2  
  146  13:59  Zergling x4  
  146  14:00  Zergling x10  
  153  14:03  Zergling x4  
  153  14:06  Zergling x2  
  153  14:08  Zergling x2  
  153  14:09  Zergling x2  
  158  14:12  Zergling x2  
  158  14:15  Zergling x12  
  164  14:19  Zergling x4  
  164  14:23  Baneling x8  
  164  14:24  Baneling x8  
  166  14:27  Zergling x4  
  166  14:28  Zergling x2  
  169  14:34  Zergling x4  
  168  14:40  Baneling x7  
  168  14:43  Zergling x2  
  168  14:44  Overlord x2  
  167  14:48  Overseer  
  167  14:54  Pneumatized Carapace  
  167  14:56  Overlord  
  167  15:02  Zergling x2  
  167  15:03  Zergling x22  
  172  15:08  Zergling x18  
  172  15:09  Zergling x2  
  172  15:31  Zergling x18  
  178  15:38  Hydralisk x7  
  189  15:43  Zergling x4  
  189  15:47  Hatchery  
Show
View Real Time Build Order
Export as new Build Order

Hymy Protoss 

Build Orders: 1 Gate Expand 

Get SALT Encoding   

  12  0:01  Probe (Chrono Boost)  
  13  0:11  Probe (Chrono Boost)  
  14  0:17  Pylon  
  14  0:22  Probe (Chrono Boost)  
  15  0:35  Probe (Chrono Boost)  
  16  0:38  Gateway  
  16  0:46  Probe (Chrono Boost)  
  16  0:47  Assimilator  
  17  0:56  Probe (Chrono Boost)  
  18  1:07  Probe (Chrono Boost)  
  19  1:17  Probe (Chrono Boost)  
  20  1:24  Nexus  
  20  1:34  Cybernetics Core  
  20  1:37  Probe (Chrono Boost)  
  21  1:43  Assimilator  
  21  1:48  Probe (Chrono Boost)  
  21  1:52  Pylon  
  22  1:58  Probe (Chrono Boost)  
  23  2:10  Probe (Chrono Boost), Adept (Chrono Boost), Warp Gate (Chrono Boost)  
  28  2:23  Mothership Core (Chrono Boost)  
  28  2:35  Twilight Council  
  28  2:36  Probe (Chrono Boost)  
  29  2:41  Probe (Chrono Boost)  
  32  2:47  Probe (Chrono Boost)  
  33  2:52  Probe (Chrono Boost)  
  33  2:54  Robotics Facility  
  33  2:57  Probe (Chrono Boost)  
  33  3:02  Probe (Chrono Boost)  
  34  3:08  Probe (Chrono Boost)  
  34  3:12  Probe (Chrono Boost)  
  35  3:13  Sentry (Chrono Boost)  
  35  3:14  Gateway  
  38  3:26  Gateway  
  36  3:27  Gateway  
  36  3:35  Probe  
  36  3:40  Pylon  
  37  3:48  Immortal (Chrono Boost)  
  43  4:00  Gateway  
  43  4:04  Probe  
  42  4:13  Adept  
  42  4:16  Probe  
  45  4:17  Adept  
  45  4:20  Probe, Warp Prism  
  48  4:24  Dark Shrine  
  48  4:28  Probe  
  48  4:30  Gateway  
  51  4:35  Probe  
  51  4:38  Assimilator  
  52  4:41  Probe  
  52  4:42  Assimilator  
  52  4:43  Zealot  
  52  4:44  Zealot  
  53  4:52  Zealot  
  46  5:10  Sentry  
  46  5:16  Cybernetics Core  
  44  5:25  Pylon  
  44  5:26  Zealot  
  45  5:31  Probe  
  45  5:38  Immortal, Pylon  
  45  5:44  Zealot x2  
  51  6:00  Probe  
  51  6:03  Dark Templar  
  52  6:12  Probe  
  52  6:15  Dark Templar  
  51  6:20  Probe  
  51  6:25  Probe  
  53  6:27  Zealot x2  
  53  6:32  Probe  
  55  6:37  Probe  
  55  6:38  Zealot  
  55  6:44  Probe  
  56  6:52  Dark Templar x2  
  56  6:53  Probe  
  59  7:00  Gateway  
  59  7:07  Probe  
  59  7:08  Probe  
  61  7:11  Cybernetics Core  
  61  7:13  Gateway  
  61  7:19  Probe  
  62  7:32  Pylon  
  62  7:33  Charge (Chrono Boost)  
  62  7:35  Pylon  
  62  7:50  Probe x2  
  64  7:56  Dark Templar x2  
  68  8:00  Archon  
  68  8:02  Probe x2  
  70  8:06  Immortal  
  70  8:08  Archon  
  74  8:13  Gateway  
  74  8:14  Probe x2  
  74  8:15  Gateway  
  76  8:26  Probe x2  
  78  8:36  Pylon  
  78  8:37  Pylon  
  78  8:48  Nexus  
  78  8:49  Immortal  
  82  9:01  Pylon  
  80  9:02  Pylon  
  80  9:03  Zealot x2  
  80  9:04  Zealot  
  80  9:07  Zealot  
  84  9:10  Probe  
  84  9:23  Zealot  
  84  9:24  Zealot x2  
  87  9:26  Probe  
  90  9:45  Zealot x6  
  98  9:46  Warp Prism  
  102  10:00  Pylon x2  
  72  10:23  Sentry x4  
  72  10:24  Templar Archives, Forge  
  72  10:27  Gateway  
  76  10:30  Gateway  
  76  10:32  Stalker  
  76  10:34  Probe x2  
  80  10:35  Immortal  
  80  10:50  Robotics Facility  
  76  11:00  Dark Templar x2  
  76  11:01  Dark Templar  
  76  11:02  High Templar  
  76  11:03  High Templar x2  
  76  11:04  Pylon  
  88  11:06  Archon, Pylon  
  88  11:07  Archon  
  88  11:11  Probe  
  88  11:16  Protoss Ground Weapons Level 1  
  89  11:21  Pylon  
  89  11:24  Pylon  
  89  11:27  High Templar  
  89  11:31  Probe  
  92  11:35  Archon  
  92  11:36  Dark Templar  
  92  11:37  Zealot x3  
  92  11:38  Probe  
  100  11:40  Probe  
  100  11:43  Assimilator, Zealot x2  
  100  11:46  Stalker  
  100  11:47  Assimilator  
  94  11:58  Zealot x3  
  86  12:04  Zealot  
  80  12:10  Probe x2  
  80  12:12  Probe  
  80  12:14  Psionic Storm  
  83  12:22  Probe  
  84  12:28  Stalker  
  86  12:37  High Templar  
  86  12:38  High Templar  
  86  12:41  Probe x2  
  92  12:44  Probe  
  93  12:55  Immortal  
  93  13:03  Probe  
  93  13:05  Probe x2  
  100  13:15  High Templar x2  
  99  13:29  Nexus  
  99  13:36  High Templar x2, Probe  
  99  13:37  Probe x2  
  99  13:41  Archon  
  106  13:45  High Templar x2  
  110  13:49  Archon  
  110  13:58  Immortal  
  110  14:01  High Templar x2  
  114  14:03  Probe  
  114  14:04  Probe x2  
  114  14:09  Pylon  
  121  14:13  Probe  
  121  14:15  Zealot  
  124  14:19  Archon  
  124  14:23  Zealot x2  
  126  14:31  High Templar x2  
  126  14:36  Pylon  
  122  14:46  High Templar x2  
  122  14:49  Stalker  
  127  14:52  Probe  
  127  14:53  Probe  
  127  14:57  Archon  
  128  15:03  Immortal  
  124  15:09  Immortal  
  124  15:11  Probe  
  124  15:12  Probe  
  124  15:13  Probe x2  
  136  15:17  Zealot  
  136  15:23  Zealot  
  136  15:27  Zealot x2  
  134  15:35  Zealot  
  106  15:48  Zealot  
  106  15:49  Zealot  
Tags
 
Add a new tag
Caveats
  • Supply blocks, unpowered buildings, or Contaminate may cause inaccurate times.
  • Supply counts are checked every 10 seconds.